 Dungeon Crawl Stone Soup version 0.24-a0-479-g9a978d2 (webtiles) character file.

Game seed: 18439208109533695059

45 silentkaos13 the Skirmisher (level 3, -5/29 HPs)
             Began as a Demonspawn Monk on July 9, 2019.
             Slain by Jessica
             ... wielding a +0 dagger of electrocution
              (14 damage)
             ... on level 2 of the Dungeon.
             The game lasted 00:02:35 (830 turns).

silentkaos13 the Skirmisher (Demonspawn Monk)        Turns: 830, Time: 00:02:37

Health: -5/29      AC:  2    Str: 11    XL:     3   Next: 42%
Magic:  3/3        EV: 13    Int: 11    God:
Gold:   41         SH:  0    Dex: 16    Spells: 2/2 levels left

rFire    . . .     SeeInvis .     - Unarmed
rCold    . . .     Gourm    .   (no shield)
rNeg     . . .     Faith    .   a - +0 robe
rPois    .         Spirit   .   (no helmet)
rElec    .         Reflect  .   (no cloak)
rCorr    .         Harm     .   (no gloves)
MR       .....                  (no boots)
Stlth    ++........             (no amulet)
HPRegen  0.09/turn              (no ring)
MPRegen  0.08/turn              (no ring)

@: slowed, very slow
A: powered by death 1
a: no special abilities


You were on level 2 of the Dungeon.
You were not hungry.

You visited 1 branch of the dungeon, and saw 2 of its levels.

You collected 41 gold pieces.

Inventory:

Armour
 a - a +0 robe (worn)
Scrolls
 c - a scroll of identify {unknown}
 d - a scroll of teleportation {unknown}
 e - a scroll of fear {unknown}
 g - a scroll of magic mapping {unknown}
 h - a scroll of enchant weapon {unknown}
 j - a scroll of noise {unknown}
 k - a scroll of amnesia {unknown}
Potions
 f - a potion of lignification {unknown}
 i - a potion of curing {unknown}
Comestibles
 b - a ration


   Skills:
 + Level 3.4 Fighting
 + Level 3.1 Dodging
 + Level 2.1 Stealth
 + Level 3.3 Unarmed Combat


You had 2 spell levels left.
You didn't know any spells.
Your spell library was empty.

Dungeon Overview and Level Annotations

Branches:
Dungeon (2/15)

Altars:

Annotations:
D:2 Jessica


Innate Abilities, Weirdness & Mutations

You regenerate a little health from kills.


Message History

Jessica hits you but does no damage. x2
You hit Jessica.
Jessica is heavily wounded.
Jessica closely misses you. Jessica misses you.
You barely miss Jessica.
Jessica is heavily wounded.
Jessica points at you and mumbles some strange words.
You resist with some effort. Jessica hits you but does no damage.
You hit Jessica.
Jessica is severely wounded.
Jessica misses you.
Jessica points at you and mumbles some strange words.
Pain shoots through your body!
You barely miss Jessica.
Jessica is severely wounded.
Jessica barely misses you.
A kobold comes into view.
Jessica hits you with a +0 dagger of electrocution.
You are electrocuted!
You die...

.....#... .......K
####.....####
#>.##...##.<#
#...#...#...#
#..#...#'.##
##.###...))###..
#!................
...?...@⌠.........
.#.....@.$.....#..
#####.....#####
..#...#+ ...#...#
>.##...# ### ....#
#####


You could see Jessica and a kobold (wandering).

Vanquished Creatures
  2 adders (D:2)
  2 dart slugs
  3 bats (D:1)
  2 giant cockroaches (D:1)
  3 goblins
  2 hobgoblins (D:1)
  2 frilled lizards
  3 kobolds (D:2)
  3 rats (D:1)
22 creatures vanquished.

Notes
Turn   | Place    | Note
-------+----------+-------------------------------------------
     0 | D:1      | silentkaos13 the Demonspawn Monk began the quest for the
                  | Orb.
     0 | D:1      | Reached XP level 1. HP: 18/18 MP: 1/1
   260 | D:1      | Gained mutation: You regenerate a little health from kills.
                  | [demonic ancestry]
   260 | D:1      | Reached XP level 2. HP: 23/24 MP: 2/2
   764 | D:2      | Noticed Jessica
   781 | D:2      | Reached XP level 3. HP: 23/29 MP: 3/3
   830 | D:2      | Slain by Jessica

Levels and vault maps discovered:
D:1:      dpeg_arrival_lava_temple_mockup, layout_basic, st_stairs_12,
          minivault_23, minmay_crystal_water
D:2:      layout_rooms, grunt_ministairs_6, uniq_jessica, uniq_robin

Skill      XL: |  1  2 |
---------------+-------+-----
Unarmed Combat | 3 |  3.3
Dodging        | 3 |  3.1
Stealth        | 2 |  2.1
Fighting       | |  3.4

Action                   || total
-------------------------++-------
Melee: Unarmed           ||   105
 Stab: Sleeping          ||     4
Armor: Robe              ||    16
Dodge: Dodged            ||    63

Table legend:
 A = Non-vault XP
 B = Vault XP
 C = Vault XP percentage of total XP
 D = Non-vault monster count
 E = Vault monster count
 F = Vault count percentage of total count
                 A         B        C        D         E       F
            +---------+---------+-------+---------+---------+-------
      Total |      48 |      17 |  26.2 |      19 |       3 |  13.6
            +---------+---------+-------+---------+---------+-------
        D:1 |      24 |       2 |   7.7 |      13 |       1 |   7.1
        D:2 |      24 |      15 |  38.5 |       6 |       2 |  25.0
            +---------+---------+-------+---------+---------+-------
